[ AOE2 MATCH · #483762272 ]
1v1 RMPersians vs Ethiopians
Player's team · LOSS
[ REPLAY ANALYSIS · EXTRACTED FROM THE RECORDED GAME ]
Feudal
11:09
Castle
24:48
Imperial
39:15
| APM avg | 48.0 |
| APM peak | 108 |
| eAPM avg | 22.7 |
| Villagers / military | 118 / 117 |
Focus
⚔️ 44.9% · 🌾 55.1%
Skirmisher ×100 · Mangonel ×12 · Trebuchet (Packed) ×3 · Archer ×1 · Scorpion ×1
Feudal
9:21
Castle
20:47
Imperial
36:33
| APM avg | 45.7 |
| APM peak | 77 |
| eAPM avg | 18.9 |
| Villagers / military | 107 / 73 |
Focus
⚔️ 29.5% · 🌾 70.5%
Archer ×53 · Mangonel ×13 · Bombard Cannon ×4 · Trebuchet (Packed) ×2 · Battering Ram ×1
Match map
Initial resources + every placement click. Lines = walls · curves = elevation contours. ◆ gold · ⬟ stone · ● berries · ✦ relic · ◌ wall gap
Your base· ✓ Closed at 24:48 · 62t walls · 2 gate(s)
Lambdadoszero's base· Open — opponent sealed themselves in
Smoothed initial terrain · ◌ = detected wall gap · hover for details
Inputs per minute
— DMarrett13 - - Lambdadoszero
Build order — DMarrett13
First 150 of 339 actions detected
| 0:01 | Create | Villager (Male) ×5 |
| 0:02 | Build | House |
| 0:04 | Build | House |
| 1:35 | Create | Villager (Male) |
| 1:45 | Build | Lumber Camp |
| 2:21 | Create | Villager (Male) ×2 |
| 2:56 | Build | House |
| 2:58 | Build | House |
| 3:07 | Create | Villager (Male) ×2 |
| 3:31 | Build | Palisade Wall |
| 3:34 | Create | Villager (Male) |
| 3:50 | Build | House |
| 3:56 | Create | Villager (Male) |
| 5:03 | Create | Villager (Male) ×2 |
| 5:23 | Create | Villager (Male) |
| 5:37 | Build | Mill |
| 6:19 | Create | Villager (Male) |
| 6:26 | Create | Villager (Male) |
| 6:26 | Create | Villager (Male) |
| 7:12 | Create | Villager (Male) ×5 |
| 8:14 | Create | Villager (Male) |
| 8:24 | Build | Palisade Wall |
| 8:32 | Build | Palisade Wall |
| 8:58 | Create | Villager (Male) |
| 9:05 | Research | Feudal Age |
| 9:36 | Build | Palisade Wall |
| 9:48 | Build | Palisade Wall |
| 11:04 | Create | Villager (Male) |
| 11:09 | Age | Feudal Age |
| 11:14 | Build | Palisade Wall |
| 11:24 | Research | Loom |
| 11:32 | Build | House |
| 11:34 | Build | House |
| 11:35 | Build | House |
| 11:36 | Build | House |
| 11:49 | Build | House |
| 11:52 | Build | House |
| 11:54 | Create | Villager (Male) |
| 11:56 | Create | Villager (Male) |
| 12:03 | Build | Market |
| 12:08 | Build | Blacksmith |
| 12:22 | Build | Palisade Gate |
| 12:26 | Build | Palisade Wall |
| 12:49 | Create | Villager (Male) |
| 12:49 | Create | Villager (Male) |
| 12:56 | Build | Barracks |
| 13:15 | Build | House |
| 13:17 | Build | House |
| 13:20 | Build | House |
| 13:21 | Build | House |
| 13:24 | Build | House |
| 13:28 | Build | House |
| 13:30 | Research | Horse Collar |
| 13:30 | Research | Horse Collar |
| 13:35 | Build | House |
| 13:53 | Build | Mining Camp |
| 14:01 | Build | Archery Range |
| 14:05 | Build | Archery Range |
| 14:15 | Create | Villager (Male) |
| 14:15 | Create | Villager (Male) |
| 14:16 | Create | Villager (Male) |
| 14:31 | Research | Double-Bit Axe |
| 14:41 | Build | Mining Camp |
| 14:49 | Create | Skirmisher |
| 15:09 | Build | Lumber Camp |
| 15:13 | Create | Skirmisher |
| 15:13 | Create | Skirmisher |
| 15:30 | Create | Villager (Male) |
| 15:31 | Create | Villager (Male) |
| 15:33 | Create | Skirmisher |
| 15:35 | Build | Farm |
| 15:38 | Build | Farm |
| 15:39 | Build | Farm |
| 16:22 | Create | Villager (Male) |
| 16:22 | Create | Villager (Male) |
| 16:34 | Create | Skirmisher |
| 16:34 | Create | Skirmisher |
| 16:35 | Create | Skirmisher |
| 16:59 | Build | Farm |
| 17:02 | Build | Farm |
| 17:02 | Create | Archer |
| 17:04 | Build | Farm |
| 17:07 | Build | Farm |
| 17:15 | Create | Villager (Male) |
| 17:15 | Create | Villager (Male) |
| 17:24 | Build | Farm |
| 17:27 | Build | Farm |
| 17:30 | Create | Villager (Male) |
| 17:46 | Build | Farm |
| 17:47 | Build | Farm |
| 17:54 | Build | Farm |
| 17:57 | Build | Farm |
| 17:59 | Build | Farm |
| 18:15 | Build | Farm |
| 18:20 | Build | Farm |
| 18:30 | Create | Villager (Male) |
| 18:34 | Build | Farm |
| 18:37 | Build | Farm |
| 18:43 | Build | Farm |
| 18:46 | Create | Villager (Male) |
| 18:57 | Research | Fletching |
| 19:17 | Create | Villager (Male) |
| 19:18 | Create | Villager (Male) |
| 19:47 | Build | Mill |
| 19:48 | Build | Farm |
| 19:49 | Build | Farm |
| 19:49 | Build | Farm |
| 19:53 | Build | Farm |
| 19:54 | Build | Farm |
| 19:59 | Build | Farm |
| 20:00 | Build | Farm |
| 20:03 | Create | Villager (Male) |
| 20:09 | Build | Farm |
| 20:19 | Create | Villager (Male) |
| 20:33 | Build | House |
| 20:42 | Build | House |
| 20:46 | Build | House |
| 20:47 | Build | House |
| 20:58 | Create | Villager (Male) |
| 20:58 | Create | Villager (Male) |
| 21:04 | Build | Farm |
| 21:05 | Build | Farm |
| 21:34 | Build | Farm |
| 22:03 | Build | Gate |
| 22:18 | Build | Stone Wall |
| 22:20 | Build | Stone Wall |
| 22:20 | Build | Stone Wall |
| 22:23 | Research | Castle Age |
| 22:42 | Create | Skirmisher |
| 22:42 | Create | Skirmisher |
| 22:43 | Create | Skirmisher |
| 22:43 | Create | Skirmisher |
| 23:28 | Create | Skirmisher |
| 23:29 | Create | Skirmisher |
| 23:29 | Create | Skirmisher |
| 23:35 | Build | Stone Wall |
| 23:37 | Build | Stone Wall |
| 23:37 | Build | Stone Wall |
| 23:49 | Build | Archery Range |
| 24:11 | Research | Padded Archer Armor |
| 24:33 | Build | House |
| 24:48 | Age | Castle Age |
| 24:55 | Build | Siege Workshop |
| 25:14 | Build | Siege Workshop |
| 25:17 | Create | Villager (Male) ×5 |
| 25:23 | Research | Bodkin Arrow |
| 25:27 | Research | Elite Skirmisher (upgrade) |
| 25:40 | Create | Mangonel |
| 25:49 | Create | Mangonel |
| 26:20 | Research | Leather Archer Armor |
Build order — Lambdadoszero
First 150 of 328 actions detected
| 0:00 | Create | Villager (Male) |
| 0:02 | Build | House |
| 0:10 | Build | House |
| 0:16 | Create | Villager (Male) |
| 0:16 | Create | Villager (Male) |
| 0:16 | Create | Villager (Male) |
| 0:17 | Create | Villager (Male) |
| 0:17 | Create | Villager (Male) |
| 1:32 | Create | Villager (Male) |
| 1:33 | Create | Villager (Male) |
| 2:05 | Create | Villager (Male) |
| 2:15 | Build | Lumber Camp |
| 2:18 | Build | House |
| 2:19 | Build | House |
| 2:28 | Create | Villager (Male) |
| 2:28 | Create | Villager (Male) |
| 2:29 | Create | Villager (Male) |
| 2:47 | Create | Villager (Male) |
| 3:20 | Create | Villager (Male) |
| 3:25 | Create | Villager (Male) |
| 3:25 | Create | Villager (Male) |
| 4:04 | Create | Villager (Male) |
| 4:08 | Create | Villager (Male) |
| 4:14 | Create | Villager (Male) |
| 4:51 | Create | Villager (Male) |
| 5:14 | Build | Mill |
| 5:44 | Create | Villager (Male) |
| 6:07 | Create | Villager (Male) |
| 6:17 | Research | Loom |
| 6:34 | Create | Villager (Male) |
| 7:11 | Research | Feudal Age |
| 7:51 | Create | Villager (Male) |
| 7:54 | Build | House |
| 8:00 | Create | Villager (Male) |
| 8:08 | Build | Barracks |
| 8:20 | Build | House |
| 8:21 | Build | House |
| 9:17 | Build | Mining Camp |
| 9:21 | Age | Feudal Age |
| 9:30 | Build | Archery Range |
| 9:48 | Create | Villager (Male) |
| 10:18 | Create | Archer |
| 10:30 | Create | Archer |
| 10:31 | Create | Villager (Male) |
| 10:39 | Build | Farm |
| 10:41 | Build | Farm |
| 10:43 | Create | Villager (Male) |
| 10:46 | Create | Archer |
| 10:47 | Build | House |
| 10:54 | Create | Villager (Male) |
| 11:02 | Create | Archer |
| 11:09 | Build | Farm |
| 11:11 | Create | Villager (Male) |
| 11:22 | Build | Palisade Wall |
| 11:25 | Create | Villager (Male) |
| 11:39 | Create | Villager (Male) |
| 11:57 | Create | Villager (Male) |
| 12:04 | Build | Blacksmith |
| 12:24 | Create | Archer |
| 12:33 | Build | Farm |
| 12:35 | Create | Villager (Male) |
| 12:36 | Create | Villager (Male) |
| 12:41 | Create | Archer |
| 12:56 | Research | Fletching |
| 13:01 | Create | Villager (Male) |
| 13:08 | Build | House |
| 13:15 | Build | Palisade Wall |
| 13:21 | Create | Villager (Male) |
| 13:21 | Create | Villager (Male) |
| 13:24 | Build | Farm |
| 13:33 | Build | House |
| 13:34 | Create | Villager (Male) |
| 13:40 | Create | Archer |
| 13:48 | Build | Farm |
| 13:50 | Create | Villager (Male) |
| 14:13 | Create | Archer |
| 14:16 | Build | House |
| 14:23 | Build | Farm |
| 14:33 | Build | Farm |
| 14:34 | Create | Villager (Male) |
| 14:43 | Create | Archer |
| 14:56 | Build | House |
| 14:59 | Build | Palisade Wall |
| 15:00 | Build | Palisade Wall |
| 15:01 | Build | Palisade Wall |
| 15:21 | Create | Archer |
| 15:29 | Build | Farm |
| 15:34 | Build | Farm |
| 15:52 | Build | Farm |
| 15:54 | Create | Villager (Male) |
| 16:29 | Build | Farm |
| 16:33 | Build | Lumber Camp |
| 16:35 | Build | Farm |
| 16:37 | Create | Villager (Male) |
| 16:38 | Build | Farm |
| 16:57 | Build | House |
| 17:04 | Build | Farm |
| 17:07 | Build | Farm |
| 17:15 | Build | Farm |
| 17:41 | Create | Villager (Male) |
| 18:05 | Research | Castle Age |
| 18:05 | Research | Castle Age |
| 18:14 | Create | Archer |
| 18:18 | Build | House |
| 18:31 | Create | Villager (Male) |
| 18:53 | Create | Archer |
| 18:54 | Create | Archer |
| 19:00 | Build | Mining Camp |
| 19:09 | Build | House |
| 19:12 | Research | Double-Bit Axe |
| 19:15 | Build | Lumber Camp |
| 19:19 | Create | Archer |
| 19:30 | Build | House |
| 19:33 | Build | House |
| 20:03 | Build | House |
| 20:05 | Build | Farm |
| 20:06 | Build | Farm |
| 20:27 | Build | House |
| 20:27 | Create | Villager (Male) |
| 20:29 | Build | Farm |
| 20:33 | Create | Villager (Male) |
| 20:36 | Create | Archer |
| 20:39 | Build | House |
| 20:47 | Age | Castle Age |
| 20:50 | Build | Siege Workshop |
| 20:55 | Research | Crossbowman (upgrade) |
| 20:59 | Research | Bodkin Arrow |
| 21:11 | Build | House |
| 21:13 | Create | Villager (Male) |
| 21:23 | Create | Archer |
| 21:23 | Create | Archer |
| 21:31 | Build | Siege Workshop |
| 21:35 | Create | Archer |
| 21:35 | Create | Archer |
| 21:59 | Research | Thumb Ring |
| 22:12 | Create | Mangonel |
| 22:16 | Build | Outpost |
| 22:20 | Build | Outpost |
| 22:24 | Create | Archer |
| 22:27 | Create | Villager (Male) |
| 22:35 | Build | House |
| 22:36 | Create | Villager (Male) |
| 22:39 | Build | House |
| 22:41 | Build | Farm |
| 22:42 | Create | Villager (Male) |
| 22:43 | Build | Farm |
| 22:44 | Build | Farm |
| 22:54 | Create | Mangonel |
| 23:02 | Build | Outpost |
| 23:03 | Create | Villager (Male) |
Match timeline
| 3:31 | DMarrett13 · wall_segment Palisade Wall x1 |
| 8:08 | Lambdadoszero · first_building Barracks |
| 8:24 | DMarrett13 · wall_segment Palisade Wall x13 |
| 8:32 | DMarrett13 · wall_segment Palisade Wall x10 |
| 9:21 | Lambdadoszero · age_up feudal |
| 9:30 | Lambdadoszero · first_building Archery Range |
| 9:36 | DMarrett13 · wall_segment Palisade Wall x18 |
| 9:48 | DMarrett13 · wall_segment Palisade Wall x7 |
| 11:09 | DMarrett13 · age_up feudal |
| 11:14 | DMarrett13 · wall_segment Palisade Wall x4 |
| 11:22 | Lambdadoszero · wall_segment Palisade Wall x1 |
| 12:26 | DMarrett13 · wall_segment Palisade Wall x1 |
| 12:56 | DMarrett13 · first_building Barracks |
| 13:15 | Lambdadoszero · wall_segment Palisade Wall x16 |
| 14:01 | DMarrett13 · first_building Archery Range |
| 14:59 | Lambdadoszero · wall_segment Palisade Wall x3 |
| 15:00 | Lambdadoszero · wall_segment Palisade Wall x1 |
| 15:01 | Lambdadoszero · wall_segment Palisade Wall x1 |
| 20:47 | Lambdadoszero · age_up castle |
| 20:50 | Lambdadoszero · first_building Siege Workshop |
| 22:18 | DMarrett13 · wall_segment Stone Wall x4 |
| 22:20 | DMarrett13 · wall_segment Stone Wall x1 |
| 22:20 | DMarrett13 · wall_segment Stone Wall x1 |
| 23:35 | DMarrett13 · wall_segment Stone Wall x1 |
| 23:37 | DMarrett13 · wall_segment Stone Wall x1 |
| 23:37 | DMarrett13 · wall_segment Stone Wall x1 |
| 24:48 | DMarrett13 · age_up castle |
| 24:55 | DMarrett13 · first_building Siege Workshop |
| 25:35 | DMarrett13 · first_market_sell 100 wood |
| 27:47 | Lambdadoszero · first_building Stable |
| 34:47 | DMarrett13 · first_building Monastery |
| 35:40 | Lambdadoszero · first_market_buy 100 wood |
| 36:33 | Lambdadoszero · age_up imperial |
| 39:15 | DMarrett13 · age_up imperial |
| 41:44 | DMarrett13 · first_building Castle |
| 41:57 | DMarrett13 · wall_segment Stone Wall x3 |
| 42:25 | Lambdadoszero · first_building Castle |
| 43:03 | DMarrett13 · first_building Stable |
| 46:17 | DMarrett13 · resign |
[ AI ANALYSIS · 1 CREDIT ]
What really happened in this match?
Wolo.gg analyzes every decision: build order, eco, micro, common mistakes by bracket. Personalized analysis on WhatsApp or Discord in 30 seconds.
Civ guide
Persians
Map guide
Arabia
Perfil
DMarrett13